 Dungeon Crawl Stone Soup version 0.22-a0-253-gf9d0ce5 (webtiles) character file.

322 Firecrotchwizard the Spear-Bearer (level 6, 0/48 HPs)
             Began as a Merfolk Gladiator on Mar 3, 2018.
             Was a Follower of Makhleb.
             Slain by Edmund
             ... wielding a +4 flail of protection
              (2 damage)
             ... on level 4 of the Dungeon.
             The game lasted 00:07:09 (3663 turns).

Firecrotchwizard the Spear-Bearer (MfGl)            Turns: 3663, Time: 00:07:09

Health: 0/48       AC:  7    Str: 14    XL:     6   Next: 47%
Magic:  7/7        EV: 18    Int:  8    God:    Makhleb [*.....]
Gold:   131        SH:  0    Dex: 22    Spells: 5/5 levels left

rFire    . . .     SeeInvis +   a - +0 trident
rCold    . . .     Gourm    .   (no shield)
rNeg     . . .     Faith    .   t - +0 ring mail
rPois    +         Spirit   .   c - +0 helmet
rElec    .         Reflect  .   (no cloak)
rCorr    .         Harm     .   n - +0 pair of gloves
MR       .....                  (no boots)
Stlth    ++........             (no amulet)
HPRegen  0.16/turn              l - ring of poison resistance {rPois, !d}
MPRegen  0.10/turn              k - ring of see invisible {sInv, !d}

@: agile
A: change form in water, swift swim, stealthy swim
a: Renounce Religion


You were on level 4 of the Dungeon.
You worshipped Makhleb.
Makhleb was aware of your devotion.
You were not hungry.

You visited 1 branch of the dungeon, and saw 4 of its levels.

You collected 131 gold pieces.

Inventory:

Hand Weapons
 a - a +0 trident (weapon)
 b - a +0 hunting sling
   (You found it on level 1 of the Dungeon)
Missiles
 d - 3 throwing nets {=f, !d}
 p - 23 sling bullets
 q - 46 stones (quivered)
Armour
 c - a +0 helmet (worn)
 h - a +0 leather armour
 n - a +0 pair of gloves (worn)
   (You found it on level 1 of the Dungeon)
 t - a +0 ring mail (worn)
   (You took it off an orc priest on level 3 of the Dungeon)
Jewellery
 k - a ring of see invisible (right hand) {sInv, !d}
   (You found it on level 2 of the Dungeon)
 l - a ring of poison resistance (left hand) {rPois, !d}
   (You took it off a kobold on level 1 of the Dungeon)
Scrolls
 e - 2 scrolls of teleportation
 i - 2 scrolls of magic mapping {unknown}
 j - a scroll of enchant armour {unknown}
 m - 6 scrolls of identify {unknown}
 o - 2 scrolls of remove curse {unknown}
 x - a scroll of immolation {unknown}
Potions
 g - 2 potions of agility
 r - a potion of heal wounds {unknown}
 s - a potion of lignification {unknown}
 u - a potion of curing {unknown}
 v - 2 potions of berserk rage {unknown}
 z - a potion of ambrosia {unknown}
Comestibles
 f - 2 rations {@e1}


   Skills:
 + Level 4.1 Fighting
 * Level 8.1 Polearms
 - Level 2.0 Throwing
 - Level 4.0 Dodging
 + Level 2.5 Invocations


You had 5 spell levels left.
You didn't know any spells.

Dungeon Overview and Level Annotations

Branches:
Dungeon (4/15)
 Temple: D:4-7

Altars:
Dithmenos
Fedhas
Kikubaaqudgha
Makhleb
Qazlal
The Shining One

Annotations:
D:4 Duvessa, Edmund


Message History

You have reached level 6!
Your experience leads to an increase in your attributes!
Increase (S)trength, (I)ntelligence, or (D)exterity?
You feel agile.
You regained 4 hp, and now have 31/48 hp.
MP restored: 7 You start resting.
You feel sick. x4
You are no longer poisoned.
You take 2 damage, and have 29/48 hp.
You start resting.
You are feeling hungry.
You regained 10 hp, and now have 39/48 hp.
You eat one of the 3 rations {@e1}.
That ration really hit the spot!
You start resting.
Health restored: 48
(D) Dungeon
Where to? (Enter - D:3 @ (x,y), ? - help)
You see here a killer bee corpse.
There is a stone staircase leading down here.
You climb downwards.
Level annotation: Duvessa, Edmund The ogre shouts!
The ogre closely misses you.
The ogre is too close now for your liking.
There is a stone staircase leading up here.
The ogre closely misses you.
You climb upwards.
There is a stone staircase leading down here.
You hit the ogre. The ogre misses you.
You hit the ogre. You hit the ogre. The ogre misses you.
You hit the ogre but do no damage. The ogre misses you.
You hit the ogre. You puncture the ogre! The ogre barely misses you.
You hit the ogre but do no damage. The ogre hits you but does no damage.
You hit the ogre.
You kill the ogre!
Makhleb accepts your kill.
Your Fighting skill increases to level 4!
Your Polearms skill increases to level 8!
No target in view!
You climb downwards.
Level annotation: Duvessa, Edmund Edmund closely misses you.
There is a stone staircase leading up here.
You barely miss Edmund.
Edmund hits you with a flail of protection.
You take 3 damage, and have 45/48 hp.
You hit Edmund. Edmund barely misses you.
You closely miss Edmund.
Edmund hits you with a flail of protection.
You take 3 damage, and have 42/48 hp.
You hit Edmund. You hit Edmund.
Edmund hits you with a flail of protection.
You take 5 damage, and have 37/48 hp.
You hit Edmund but do no damage.
Edmund hits you with a flail of protection.
You take 3 damage, and have 34/48 hp.
Your ring mail prevents you from hitting Edmund.
Edmund hits you but does no damage.
You hit Edmund but do no damage. You hit Edmund but do no damage.
Edmund hits you with a flail of protection.
You take 1 damage, and have 33/48 hp.
You hit Edmund but do no damage.
Edmund hits you with a flail of protection.
You take 5 damage, and have 28/48 hp.
You are too injured to fight recklessly!
You are too injured to fight recklessly!
You are too injured to fight recklessly!
You are too injured to fight recklessly!
It was a potion of agility.
You feel agile all of a sudden. Edmund hits you but does no damage.
You hit Edmund. You hit Edmund but do no damage. Edmund closely misses you.
You hit Edmund.
Edmund hits you with a flail of protection.
You take 3 damage, and have 26/48 hp.
You hit Edmund.
Edmund hits you with a flail of protection!
You take 9 damage, and have 17/48 hp.
Your ring mail prevents you from hitting Edmund.
You barely miss Edmund. Edmund barely misses you.
You hit Edmund.
Edmund hits you with a flail of protection.
* * * LOW HITPOINT WARNING * * *
You take 6 damage, and have 11/48 hp.
You puncture Edmund!
Edmund hits you with a flail of protection!
* * * LOW HITPOINT WARNING * * *
You take 10 damage, and have 2/48 hp.
MASSIVE DAMAGE!!
You hit Edmund but do no damage. You closely miss Edmund.
Edmund hits you but does no damage.
You closely miss Edmund.
Edmund hits you with a flail of protection.
You die...

######.####.. ..#.#
..........#.####.#.#
..........#.#..#.#.#####
............@..........?..
..........#.#..#.#.#######
..........#.#..#.#.#
..........#.#..#.#.#
.........@#.#..#@#.#
..........#.#...@#.#
..........#.#.##.#.#
..........#.#....#
######.####.######
#..O.@.# ########


You could see Edmund.

Vanquished Creatures
  An ogre (D:3)
  A killer bee (D:3)
  A bullfrog zombie (D:4)
  An orc priest (D:3)
  5 adders
  An ooze (D:1)
  3 worms
  2 dart slugs
  2 leopard geckos (D:1)
  7 orcs
  2 giant cockroaches (D:2)
  5 hobgoblins
  8 kobolds
  A ball python (D:3)
  6 bats
  5 frilled lizards
  15 goblins
  5 rats
71 creatures vanquished.

Notes
Turn   | Place    | Note
-------+----------+-------------------------------------------
     0 | D:1      | Firecrotchwizard the Merfolk Gladiator began the quest for the Orb.
     0 | D:1      | Reached XP level 1. HP: 16/16 MP: 1/1
   119 | D:1      | Reached XP level 2. HP: 23/23 MP: 2/2
   125 | D:1      | Reached skill level 5 in Polearms
   597 | D:1      | Reached XP level 3. HP: 28/28 MP: 3/3
   901 | D:2      | Found an ancient bone altar of Kikubaaqudgha.
   905 | D:2      | Found a glowing golden altar of the Shining One.
   914 | D:2      | Found a burning altar of Makhleb.
   922 | D:2      | Became a worshipper of Makhleb the Destroyer
  1089 | D:2      | Reached skill level 3 in Fighting
  1089 | D:2      | Reached skill level 6 in Polearms
  1133 | D:2      | Found a blossoming altar of Fedhas.
  1425 | D:2      | Reached XP level 4. HP: 35/35 MP: 4/4
  1875 | D:3      | Reached skill level 1 in Invocations
  1956 | D:3      | Reached XP level 5. HP: 41/41 MP: 5/5
  1987 | D:3      | Found a shadowy altar of Dithmenos.
  2062 | D:3      | Found a stormy altar of Qazlal.
  2283 | D:3      | Reached * piety under Makhleb
  2746 | D:4      | Noticed Edmund
  2760 | D:3      | Reached skill level 7 in Polearms
  3102 | D:4      | Noticed Duvessa
  3111 | D:4      | Noticed an ogre
  3169 | D:3      | Reached skill level 2 in Invocations
  3479 | D:3      | Reached XP level 6. HP: 31/48 MP: 7/7
  3638 | D:3      | Reached skill level 4 in Fighting
  3638 | D:3      | Reached skill level 8 in Polearms
  3658 | D:4      | HP: 11/48 [Edmund/flail of protection (6)]
  3660 | D:4      | HP: 2/48 [Edmund/flail of protection (10)]
  3663 | D:4      | Slain by Edmund

Vault maps used:
D:1:      lemuel_arrival_rhombus, serial_park_tiny_2
D:2:      minmay_overflow_temple_star_quad, fedhas_altar_1
D:3:      lemuel_round_altar, grunt_dithmenos_smoke_and_mirrors
D:4:      kennysheep_mini, gammafunk_temple_overflow_elements, first_ration,
          uniq_duvessa, uniq_edmund

Skill      XL: |  1  2  3  4  5  6 |
---------------+-------------------+-----
Polearms       | 5 6 7 8 |  8.1
Fighting       | 3 4 |  4.1
Invocations    | 1 2 |  2.5
Throwing       | |  2.0
Dodging        | |  4.0

Action                   |  1- 3 |  4- 6 || total
-------------------------+-------+-------++-------
Melee: Trident           |   130 |   148 ||   278
 Fire: Hunting sling     |     2 |       ||     2
Throw: Stone             |    13 |    65 ||    78
  Use: Scroll            |       |     1 ||     1
       Potion            |       |     1 ||     1
 Stab: Sleeping          |     3 |       ||     3
  Eat: Chunk             |     2 |     6 ||     8
       Ration            |       |     1 ||     1
Armor: Leather armour    |    15 |       ||    15
       Ring mail         |       |    32 ||    32
Dodge: Dodged            |    53 |    95 ||   148

Table legend:
 A = Spawn XP
 B = Non-spawn XP
 C = Spawn XP percentage of total XP
 D = Spawn monster count
 E = Non-spawn monster count
 F = Spawn count percentage of total count
 G = Total turns spent on level
                    A         B        C        D         E        F      G
               +---------+---------+-------+---------+---------+-------+---------
         Total |       0 |     461 |   0.0 |       0 |      71 |   0.0 |  3663
               +---------+---------+-------+---------+---------+-------+---------
           D:1 |       0 |      44 |   0.0 |       0 |      22 |   0.0 |   770
           D:2 |       0 |      53 |   0.0 |       0 |      23 |   0.0 |   986
           D:3 |       0 |     302 |   0.0 |       0 |      20 |   0.0 |  1556
           D:4 |       0 |      62 |   0.0 |       0 |       6 |   0.0 |   351
               +---------+---------+-------+---------+---------+-------+---------

Vault maps used:
D:1:      lemuel_arrival_rhombus, serial_park_tiny_2
D:2:      minmay_overflow_temple_star_quad, fedhas_altar_1
D:3:      lemuel_round_altar, grunt_dithmenos_smoke_and_mirrors
D:4:      kennysheep_mini, gammafunk_temple_overflow_elements, first_ration,
          uniq_duvessa, uniq_edmund

Table legend:
 A = Turns spent in this place as a percentage of turns spent in the entire game.
 B = Non-inter-level travel turns spent in this place as a percentage of non-inter-level travel turns spent in the entire game.
 C = Inter-level travel turns spent in this place as a percentage of turns spent in this place.
 D = Turns resting spent in this place as a percentage of non-inter-level travel turns spent in this place.
 E = Turns spent auto-exploring this place as a percentage of non-inter-level travel turns spent in this place.
 F = Non-inter-level travel turns spent in this place divided by the number of levels of this place that you've seen.
                   A       B       C       D       E      F
               +-------+-------+-------+-------+-------+----------------------
         Total | 100.0 | 100.0 |   6.0 |  24.3 |  55.2 | 860.8
       Dungeon | 100.0 | 100.0 |   6.0 |  24.3 |  55.2 | 860.8
               +-------+-------+-------+-------+-------+----------------------

Table legend:
 A = Kills in this place as a percentage of kills in entire the game.
 B = Kills by you in this place as a percentage of kills by you in the entire game.
 C = Kills by friends in this place as a percentage of kills by friends in the entire game.
 D = Other kills in this place as a percentage of other kills in the entire game.
 E = Experience gained in this place as a percentage of experience gained in the entire game.
 F = Experience gained in this place divided by the number of levels of this place that you have seen.
                   A       B       C       D       E      F
               +-------+-------+-------+-------+-------+----------------------
         Total | 100.0 | 100.0 |   N/A |   N/A | 100.0 | 115.2
       Dungeon | 100.0 | 100.0 |   N/A |   N/A | 100.0 | 115.2
               +-------+-------+-------+-------+-------+----------------------
